 Dungeon Crawl Stone Soup version 0.24.0-123-gd5b16e6ec5 (webtiles) character file.

Game seed: 960936524060994653, levelgen mode: deterministic

1677 H0rd4k the Thaumaturge (level 8, -5/42 HPs)
             Began as a Deep Elf Wizard on Dec 13, 2019.
             Killed by divine providence
             ... invoked by an orc priest
              (16 damage)
             ... on level 6 of the Dungeon on Dec 22, 2019.
             The game lasted 00:15:44 (6004 turns).

H0rd4k the Thaumaturge (Deep Elf Wizard)            Turns: 6004, Time: 00:15:44

Health: -5/42      AC:  4    Str:  7    XL:     8   Next: 70%
Magic:  1/24       EV: 14    Int: 26    God:
Gold:   255        SH:  0    Dex: 13    Spells: 19/28 levels left

rFire    . . .     SeeInvis +   y - +0 hand axe (flame)
rCold    . . .     Gourm    .   (no shield)
rNeg     . . .     Faith    .   e - +2 robe of Claustrophobia {rPois Str+3 SInv}
rPois    +         Spirit   .   b - +0 hat
rElec    .         Reflect  .   (no cloak)
rCorr    .         Harm     .   (no gloves)
MR       .....                  (no boots)
Stlth    ++........             (no amulet)
HPRegen  0.14/turn              r - ring of flight
MPRegen  0.19/turn              x - +2 ring of slaying

@: lightly drained
A: no striking features
a: Evoke Flight


You were on level 6 of the Dungeon.
You were not hungry.

You visited 1 branch of the dungeon, and saw 6 of its levels.

You collected 380 gold pieces.
You spent 125 gold pieces at shops.

Inventory:

Hand Weapons
 y - a +0 hand axe of flaming (weapon)
Armour
 a - a +0 robe
 b - a +0 hat (worn)
 e - the +2 robe of Claustrophobia (worn) {rPois Str+3 SInv}
   (You bought it in a shop on level 4 of the Dungeon)

   It affects your strength (+3).
   It protects you from poison.
   It lets you see invisible.
Jewellery
 r - a ring of flight (left hand)
 s - a +3 ring of dexterity
 x - a +2 ring of slaying (right hand)
Wands
 l - a wand of paralysis (7)
 m - a wand of polymorph (7)
Scrolls
 c - 7 scrolls of teleportation
 h - 2 scrolls of amnesia
 j - a scroll of fear
 k - 2 scrolls of enchant weapon
 n - 2 scrolls of noise {unknown}
 p - 2 scrolls of magic mapping
 w - 2 scrolls of enchant armour {unknown}
 A - a scroll of identify
 B - a scroll of fog {unknown}
Potions
 f - 3 potions of resistance
 g - a potion of degeneration {unknown}
 i - a potion of mutation
 o - a potion of flight
 q - 2 potions of curing
 t - 2 potions of brilliance
 u - a potion of magic
 v - a potion of might
 z - a potion of agility {unknown}
Comestibles
 d - 8 rations
 C - a chunk of flesh


   Skills:
 + Level 0.4(0.3) Fighting
 + Level 3.9(3.8) Dodging
 + Level 3.5 Stealth
 + Level 10.7(10.6) Spellcasting
 + Level 7.0(6.9) Conjurations
   Level 1.1(1.0) Summonings
 + Level 2.1 Translocations
 + Level 1.8 Fire Magic
 + Level 1.3 Air Magic
 + Level 1.4(1.3) Poison Magic


You had 19 spell levels left.
You knew the following spells:

 Your Spells              Type           Power        Failure   Level  Hunger
a - Magic Dart            Conj           ####         1%          1    None
b - Blink                 Tloc           N/A          2%          2    None
c - Conjure Flame         Conj/Fire      #####...     2%          3    None
d - Mephitic Cloud        Conj/Pois/Air  ####....     3%          3    None

Your spell library contained the following spells:

 Spells                   Type           Power        Failure   Level  Hunger
 Dazzling Spray           Conj/Hex       ####..       3%          3    None
 Stone Arrow              Conj/Erth      ####..       3%          3    None
 Corona                   Hex            ##.....      4%          1    None
 Sandblast                Erth           ##....       4%          1    None
 Call Imp                 Summ           ###.....     4%          2    None
 Ensorcelled Hibernation  Hex/Ice        ##....       7%          2    None
 Passwall                 Tmut/Erth      ##......     7%          2    None
 Slow                     Hex            ##......     7%          2    None
 Confuse                  Hex            ##......     13%         3    None
 Tukima's Dance           Hex            ##......     13%         3    None
 Petrify                  Tmut/Erth      ##......     41%         4    None
 Lee's Rapid Deconstruct  Erth           ##........   77%         5    ####...


Dungeon Overview and Level Annotations

Branches:
Dungeon (6/15)
 Temple: D:4-7

Altars:
Cheibriados
Gozag
Hepliaklqana
Ru
Zin

Shops:
D:4 %=%*[

Annotations:
D:2 1 runed translucent door, Crazy Yiuf
D:4 exclusion: 2 downstairs
D:5 exclusion: 2 downstairs


Message History

Aim: an orc priest, wielding a -2 hand axe and wearing a +0 leather armour (moderately wounded)
The magic dart hits the orc priest.
The orc priest is moderately wounded.
The orc priest closely misses you.
Casting: Magic Dart (safe; 1% risk of failure)
Confirm with . or Enter, or press ? or * to list all spells.
Aiming: Magic Dart (safe; 1% risk of failure)
Press: ? - help, Shift-Dir - straight line, f/p - orc priest
Aim: an orc priest, wielding a -2 hand axe and wearing a +0 leather armour (moderately wounded)
The magic dart hits the orc priest.
The orc priest is heavily wounded.
The orc priest barely misses you.
The orc priest calls down the wrath of Beogh upon you.
Pain shoots through your body!
* * * LOW HITPOINT WARNING * * *
The crimson imp shouts, "Begone, thou lumpish fool-born harpy!"
You see here an adder corpse.
The orc priest calls down the wrath of Beogh upon you.
Beogh smites you!
You die...

#.....
#.....####
#.#...)..
......○†#
#5# #o#
#.## #†.#
#@.# #..#
##.###..#
$........#
>##.####.#
##.# #.#
...# #.#
....# #.#
###. #.#
#.#


You could see an orc priest and a crimson imp.

Vanquished Creatures
  A two-headed ogre (D:5)
  A phantom (D:5)
  A centaur (D:5)
  An ogre (D:6)
  A bullfrog (D:4)
  A scorpion (D:4)
  5 wights
  A hound (D:4)
  2 orc wizards
  A bullfrog skeleton (D:4)
  An iguana (D:4)
  Natasha (thrice) (D:2)
  2 worker ants
  A hound skeleton (D:4)
  12 adders
  2 gnolls (D:1)
  A shadow imp (D:5)
  2 adder skeletons
  6 worms
  2 dart slugs
  7 leopard geckos
  12 orcs
  3 giant cockroaches
  7 goblins
  2 hobgoblins (D:2)
  6 jackals
  11 kobolds
  A ball python (D:6)
  2 bats
  2 frilled lizards
  2 jackal zombies
  A leopard gecko skeleton (D:5)
  10 rats
113 creatures vanquished.

Notes
Turn   | Place    | Note
-------+----------+-------------------------------------------
     0 | D:1      | H0rd4k the Deep Elf Wizard began the quest for the Orb.
     0 | D:1      | Reached XP level 1. HP: 10/10 MP: 7/7
    67 | D:1      | Reached skill level 5 in Spellcasting
    67 | D:1      | Reached XP level 2. HP: 7/15 MP: 0/10
   591 | D:1      | Reached XP level 3. HP: 13/19 MP: 1/11
   595 | D:1      | Learned a level 2 spell: Blink
   599 | D:1      | Learned a level 3 spell: Conjure Flame
   603 | D:1      | Learned a level 3 spell: Mephitic Cloud
  1237 | D:2      | Noticed Natasha
  1243 | D:2      | Killed Natasha
  1243 | D:2      | Reached skill level 6 in Spellcasting
  1243 | D:2      | Reached XP level 4. HP: 24/24 MP: 5/14
  1412 | D:2      | Noticed Natasha
  1562 | D:2      | Found a glowing silver altar of Zin.
  1571 | D:2      | Found a sacrificial altar of Ru.
  1715 | D:2      | Killed Natasha
  1803 | D:2      | Reached XP level 5. HP: 28/28 MP: 13/16
  1832 | D:2      | Found a runed translucent door.
  1833 | D:2      | Noticed Crazy Yiuf
  1961 | D:2      | Noticed Natasha
  1967 | D:2      | Killed Natasha
  2452 | D:3      | Reached skill level 7 in Spellcasting
  2547 | D:3      | Found an opulent altar of Gozag.
  2547 | D:3      | Found a hazy altar of Hepliaklqana.
  2914 | D:4      | Found Sumost's Jewellery Boutique.
  3010 | D:4      | Reached XP level 6. HP: 25/32 MP: 13/18
  3094 | D:4      | Upgraded the game from 0.24.0-41-g2ae2f7f1be to
                  | 0.24.0-123-gd5b16e6ec5
  3353 | D:4      | Found Zeamy's Assorted Antiques.
  3357 | D:4      | Bought an ominously black robe for 125 gold pieces
  3367 | D:4      | Identified the +2 robe of Claustrophobia {rPois Str+3 SInv}
                  | (You bought it in a shop on level 4 of the Dungeon)
  3525 | D:4      | Found Piphewu's Antique Armour Shop.
  3604 | D:4      | Found Imab's Food Shop.
  3822 | D:4      | Found Lamneeb's Food Shop.
  4397 | D:5      | Entered Level 5 of the Dungeon
  4424 | D:4      | Reached skill level 8 in Spellcasting
  4593 | D:5      | Reached XP level 7. HP: 36/36 MP: 6/20
  4822 | D:5      | Reached skill level 5 in Conjurations
  4962 | D:5      | Noticed a two-headed ogre
  4987 | D:5      | Killed a two-headed ogre
  4987 | D:5      | Reached skill level 10 in Spellcasting
  4987 | D:5      | Reached skill level 1 in Fire Magic
  4987 | D:5      | Reached skill level 1 in Air Magic
  4987 | D:5      | Reached skill level 1 in Poison Magic
  4987 | D:5      | Reached XP level 8. HP: 42/42 MP: 1/24
  5840 | D:6      | Found a snail-covered altar of Cheibriados.
  6004 | D:6      | Killed from afar by an orc priest

Levels and vault maps discovered:
D:1:      minmay_arrival_stone_box, layout_basic, dk_noncrumbling_3
D:2:      layout_rooms, amethyst_overflow_temple_binary, uniq_natasha,
          uniq_crazy_yiuf_cottage
D:3:      layout_loops_ring, gammafunk_temple_overflow_pools, first_ration
D:4:      layout_layer_cave, serial_shops, shop_statue, kennysheep_mini_moat,
          shop, shop, shop_fountains, minmay_puff
D:5:      layout_rooms
D:6:      layout_loops_ring, kennysheep_slug_shrine, basic_altar, serial_shops,
          shop

Skill      XL: |  1  2  3  4  5  6  7  8 |
---------------+-------------------------+-----
Spellcasting   | 5 6 7 8 10 | 10.7
Dodging        | 3 |  3.9
Stealth        | 3 |  3.5
Conjurations   | 2 3 4 6 7 |  7.0
Translocations | 2 |  2.1
Fire Magic     | 1 |  1.8
Air Magic      | 1 |  1.3
Poison Magic   | 1 |  1.4
Fighting       | |  0.4
Summonings     | |  1.1

Action                   |  1- 3 |  4- 6 |  7- 9 || total
-------------------------+-------+-------+-------++-------
 Cast: Magic Dart        |    53 |   192 |   131 ||   376
       Conjure Flame     |       |     5 |    10 ||    15
       Mephitic Cloud    |       |     5 |     7 ||    12
       Blink             |       |     4 |     5 ||     9
  Use: Potion            |       |     2 |       ||     2
       Scroll            |       |    12 |       ||    12
  Eat: Chunk             |     1 |     6 |     5 ||    12
       Ration            |       |     1 |       ||     1
Armor: Robe              |     1 |     7 |     3 ||    11
Dodge: Dodged            |     8 |    32 |    11 ||    51
